 Dungeon Crawl Stone Soup version 0.31-a0-1529-g7bd419a (webtiles) character file.

Game seed: 7883479445532101749

90 sdynet the Digger (level 4, 0/27 HPs)
             Began as an Octopode Earth Elementalist on Dec 31, 2023.
             Was a Believer of Fedhas.
             Killed by divine providence
             ... invoked by an orc priest
              (11 damage)
             ... on level 3 of the Dungeon.
             The game lasted 00:08:09 (1982 turns).

sdynet the Digger (Octopode Earth Elementalist)     Turns: 1982, Time: 00:08:10

Health: 0/27       AC:  1    Str:  7    XL:     4   Next: 56%
Magic:  2/8        EV: 13    Int: 19    God:    Fedhas [**....]
Gold:   110        SH:  5    Dex: 12    Spells: 2/9 levels left

rFire   . . .        b - +2 sling
rCold   . . .        (no shield)
rNeg    . . .        (helmet restricted)
rPois   .            j - amulet of reflection
rElec   .            (no ring)
rCorr   .            (no ring)
SInv    .            (no ring)
Will    .....        (no ring)
Stlth   +++          (no ring)
HPRegen 0.24/turn    (no ring)
MPRegen 0.11/turn    (no ring)
                     (no ring)

%: reflection
@: no status effects
A: almost no armour, amphibious, 8 rings, camouflage 1, gelatinous body 1,
(nimble swimmer 1), tentacles
a: Renounce Religion, Wall of Briars


You were on level 3 of the Dungeon.
You worshipped Fedhas.
Fedhas was pleased with you.
You visited 1 branch of the dungeon, and saw 3 of its levels.

You collected 110 gold pieces.

Inventory:

Hand Weapons
 b - a +2 sling (weapon)
 o - a +2 dagger of flaming
Missiles
 p - 3 javelins
 Z - 4 poisoned darts
Armour
 m - a +0 kite shield
Jewellery
 j - an amulet of reflection (around mantle)
 r - a ring of fire
Talismans
 l - a serpent talisman
Scrolls
 d - a scroll of teleportation {!r}
 e - a scroll of silence {!r}
 h - a scroll of fear {!r}
Potions
 a - 3 potions of magic {!q}
 c - a potion of haste {!q}
 f - a potion of mutation
 g - a potion of enlightenment {!q!q}
 k - a potion of might {unknown}
 n - a potion of lignification {unknown}
 s - a potion of curing {!q}


   Skills:
 - Level 2.0 Dodging
 - Level 2.6 Stealth
 + Level 3.2 Spellcasting
 + Level 4.1 Earth Magic
 - Level 1.1 Alchemy
 - Level 1.0 Invocations


You had 2 spell levels left.
You knew the following spells:

 Your Spells              Type           Power      Damage    Failure   Level
a - Sandblast             Erth           36%        2d10      2%          1
b - Stone Arrow           Conj/Erth      20%        3d8       19%         3
P - Passwall              Erth           18%        N/A       9%          3

Your spell library contained the following spells:

 Spells                   Type           Power      Damage    Failure   Level
 Cigotuvi's Dreadful Rot  Necr/Alch/Air  8%         N/A       19%         2
 Call Canine Familiar     Summ           3%         N/A       41%         3
 Gell's Gravitas          Tloc           3%         N/A       41%         3
 Sigil of Binding         Hex            3%         N/A       41%         3
 Teleport Other           Tloc           3%         N/A       41%         3
 Petrify                  Alch/Erth      13%        N/A       45%         4
 Brom's Barrelling Bould  Conj/Erth      10%        2d3       54%         4
 Dimensional Bullseye     Hex/Tloc       1%         N/A       83%         4
 Dispel Undead            Necr           3%         3d7       83%         4
 Martyr's Knell           Necr/Summ      3%         N/A       83%         4
 Summon Blazeheart Golem  Fire/Summ      3%         N/A       83%         4
 Death Channel            Necr           1%         N/A       100%        6
 Dispersal                Tloc           1%         N/A       100%        6
 Orb of Destruction       Conj           1%         9d5       100%        7
 Spellforged Servitor     Conj/Summ      1%         N/A       100%        7


Dungeon Overview and Level Annotations

Branches:
Dungeon (3/15)

Altars:
Fedhas

Shops:
D:2 [

Annotations:
D:3 1 exclusion


Innate Abilities, Weirdness & Mutations

You cannot wear most types of armour.
You are amphibious.
You can wear up to eight rings at the same time.
Your skin changes colour to match your surroundings (Stealth+).
Your rubbery body absorbs attacks. (AC +1, EV +1)
((You are camouflaged when in or above water. (Stealth+)))
You have tentacles for arms and can constrict up to eight enemies at once.


Message History

Something closely misses your butterfly.
The ball python closely misses your butterfly.
The ball python barely misses your butterfly.
Something barely misses your butterfly.
The orc priest closely misses your butterfly.
The ball python completely misses your butterfly.
The ball python misses your butterfly.
The giant cockroach barely misses your butterfly.
The orc priest hits your butterfly with a +0 falchion.
Your butterfly dies!
Your butterfly disappears in a burst of colours!
Aiming: Sandblast (safe; 2% risk of failure)
Press: ? - help, Q - select action, (/) - cycle Shift-Dir - straight line, f/p - orc priest
Aim: an orc priest, wielding a +0 falchion and wearing a +0 leather armour (82% to hit)
Fedhas protects your plant from harm.
The blast of sand hits the orc but does no damage.
The rat closely misses your butterfly. Something hits your butterfly.
Your butterfly dies!
Your butterfly disappears in a burst of colours!
The orc priest invokes the aid of Beogh against you.
Beogh smites you!
The orc is struck by your briar patch's thorns.
The orc dies!
Fedhas appreciates your contribution to the ecosystem.
Aiming: Sandblast (safe; 2% risk of failure)
Press: ? - help, Q - select action, (/) - cycle Shift-Dir - straight line, f/p - orc priest
Aim: an orc priest, wielding a +0 falchion and wearing a +0 leather armour (82% to hit)
Fedhas protects your plant from harm.
The blast of sand hits the ball python!
You kill the ball python!
Fedhas appreciates your contribution to the ecosystem.
Your briar patch disappears in a puff of smoke!
A kobold comes into view. It is wielding a +0 short sword.
A river rat comes into view.
The orc priest misses your butterfly.
The giant cockroach closely misses your butterfly.
The orc priest invokes the aid of Beogh against you.
Beogh smites you!
You die...
Fedhas appreciates your contribution to the ecosystem.

################
.......b.).....# ###
....##PP##.###.# ##.## .
#P@b##.###.###.#.##
.S..oBPPP.#........###.#
.rb.B#bbb######.###.#.##
.K.g.##bb# #.# ##.##
(... #bb# #.# #.# ...
#... ..####.# # #+##
###....## #......#
#......#


You could see an orc priest (ally target), a river rat, 2 giant cockroaches, a
hobgoblin, a ball python and a kobold.

Vanquished Creatures
  A gnoll (D:1)
  2 adders
  2 dart slugs
  A ribbon worm (D:2)
  An orc (D:3)
  8 ball pythons
  6 bats
  5 endoplasms
  2 giant cockroaches
  2 goblins (D:2)
  4 hobgoblins
  3 jackals (D:2)
  2 quokkas
  2 frilled lizards (D:1)
  6 kobolds
  3 rats
50 creatures vanquished.

Vanquished Creatures (collateral kills)
  An orc (D:3)
1 creature vanquished.

Grand Total: 51 creatures vanquished

Notes
Turn   | Place    | Note
-------+----------+-------------------------------------------
     0 | D:1      | sdynet the Octopode Earth Elementalist began the quest for
                  | the Orb.
     0 | D:1      | Reached XP level 1. HP: 11/11 MP: 3/3
    53 | D:1      | Found a faded altar of an unknown god.
    58 | D:1      | Prayed at the altar of an unknown god.
    58 | D:1      | Became a worshipper of Fedhas Madash
    58 | D:1      | Reached * piety under Fedhas
   196 | D:1      | Reached XP level 2. HP: 17/17 MP: 3/5
   661 | D:1      | Reached XP level 3. HP: 21/21 MP: 6/6
   844 | D:1      | Learned a level 3 spell: Passwall
   848 | D:1      | Learned a level 3 spell: Stone Arrow
   909 | D:1      | Reached ** piety under Fedhas
  1304 | D:2      | Reached XP level 4. HP: 27/27 MP: 3/8
  1400 | D:2      | Reached skill level 1 in Invocations
  1537 | D:2      | Reached skill level 4 in Earth Magic
  1802 | D:2      | Found Allyhufo's Armour Shop.
  1982 | D:3      | Killed from afar by an orc priest

Illustrated notes

Levels and vault maps discovered:
D:1:      dpeg_arrival_another_circle, layout_loops_corners,
          shapermc_ecumenical_altar_petra, minmay_hexomino_f4
D:2:      cheibrodos_helix_gallery, layout_basic, serial_shops,
          nicolae_shop_real_fake_doors
D:3:      layout_loops_corners, zin_academy,
          mainiacjoe_overflow_concentric_impassable, minitemple,
          portal_sewer_entry_a, nicolae_elevator_lobby_asterisk, uniq_jessica

Skill      XL: |  1  2  3  4 |
---------------+-------------+-----
Spellcasting   | 3 |  3.2
Invocations    | 1 |  1.0
Earth Magic    | 4 |  4.1
Dodging        | |  2.0
Stealth        | |  2.6
Alchemy        | |  1.1

Action                     |  1- 3 |  4- 6 || total
---------------------------+-------+-------++-------
  Melee: Unarmed           |     3 |       ||     3
         Constrict         |     1 |       ||     1
         Tentacles         |     1 |       ||     1
   Fire: Sling             |    34 |    26 ||    60
   Cast: Sandblast         |    30 |    12 ||    42
 Invoke: Wall of Briars    |     1 |     2 ||     3
    Use: Scroll            |     1 |     8 ||     9
         Potion            |     1 |     2 ||     3
 Armour: Skin              |     3 |     6 ||     9
  Dodge: Dodged            |     7 |     5 ||    12
  Block: Other             |     1 |     2 ||     3

Table legend: (Time is in decaauts)
 A = Elapsed time spent in this place.
 B = Non-inter-level travel time spent in this place.
 C = Inter-level travel time spent in this place.
 D = Time resting spent in this place.
 E = Time spent auto-exploring this place.
 F = Levels seen in this place.
 G = Mean time per level.
                   A        B        C        D        E       F      G
               +--------+--------+--------+--------+--------+-----+--------+
         Total |   2012 |   1932 |     80 |     34 |   1436 |   3 |  670.7 |
       Dungeon |   2012 |   1932 |     80 |     34 |   1436 |   3 |  670.7 |
               +--------+--------+--------+--------+--------+-----+--------+

Top non-repeatable levels by time:
     D:1: 1173 daAuts
     D:2: 772 daAuts
     D:3: 66 daAuts
